 Dungeon Crawl Stone Soup version 0.21-a0-267-ga5fc350 (webtiles) character file.

97 SQman the Shield-Bearer (level 5, -2/36 HPs)
             Began as a Human Fighter on Sept 13, 2017.
             Slain by an adder (4 damage)
             ... on level 3 of the Dungeon on Dec 9, 2018.
             The game lasted 00:13:15 (1670 turns).

SQman the Shield-Bearer (Human Fighter)             Turns: 1670, Time: 00:13:16

Health: -2/36      AC:  9    Str: 18    XL:     5   Next: 0%
Magic:  5/5        EV:  5    Int:  8    God:
Gold:   172        SH: 15    Dex: 12    Spells: 4/4 levels left

rFire    . . .     SeeInvis .   a - +2 long sword
rCold    . . .     Gourm    .   n - +2 large shield
rNeg     . . .     Faith    .   b - +0 scale mail
rPois    .         Spirit   .   (no helmet)
rElec    .         Reflect  .   (no cloak)
rCorr    .         Harm     .   k - +0 pair of gloves
MR       .....                  (no boots)
Stlth    ..........             (no amulet)
HPRegen  0.12/turn              (no ring)
MPRegen  0.09/turn              (no ring)

@: no status effects
A: frail 1, high mp 1, shaggy fur 1, wild magic 1
a: no special abilities


You were on level 3 of the Dungeon.
You were not hungry.

You visited 1 branch of the dungeon, and saw 3 of its levels.

You collected 172 gold pieces.

Inventory:

Hand Weapons
 a - a +2 long sword (weapon)
Armour
 b - a +0 scale mail (worn)
 c - a +0 shield
 k - a +0 pair of gloves (worn)
 n - a +2 large shield (worn)
Scrolls
 e - a scroll of teleportation
 l - a scroll of remove curse
Potions
 d - a potion of might
 m - a potion of curing
Comestibles
 f - 2 bread rations
 g - 4 chunks of flesh
 h - a fruit
 i - 2 royal jellies
 j - a meat ration


   Skills:
 + Level 3.5 Fighting
 + Level 3.1 Long Blades
 + Level 3.5 Armour
 + Level 0.6 Dodging
 + Level 3.6 Shields


You had 4 spell levels left.
You didn't know any spells.

Dungeon Overview and Level Annotations

Branches:
Dungeon (3/15)

Altars:

Annotations:
D:3 Sigmund


Innate Abilities, Weirdness & Mutations

You are frail. (-10% HP)
You have an increased reservoir of magic. (+10% MP)
You are covered in fur. (AC +1)
Your spells are a little harder to cast, but a little more powerful.


Message History

Your shield and scale mail prevent you from hitting the adder.
The adder is moderately wounded.
The adder bites you.
* * * LOW HITPOINT WARNING * * *
You block the adder's attack.
You closely miss the adder.
The adder is moderately wounded.
You block the adder's attack.
You hit the adder.
The adder is severely wounded.
You block the adder's attack. x2
Your shield and scale mail prevent you from hitting the adder.
The adder is severely wounded.
The adder barely misses you.
You riposte.
You miss the adder.
The adder is severely wounded.
The adder barely misses you.
You barely miss the adder.
The adder is severely wounded.
You block the adder's attack. The adder bites you.
You die...

#......
#......
#......######
........# #.#
#.# #.#
#.#####
#@S...#
#####.#


You could see an adder.

Vanquished Creatures
  4 adders
  An ooze (D:1)
  A worm (D:3)
  2 dart slugs (D:2)
  A leopard gecko (D:1)
  A giant cockroach (D:2)
  8 goblins
  6 hobgoblins
  5 kobolds
  A ball python (D:1)
  12 bats
  2 frilled lizards
  5 rats
49 creatures vanquished.

Notes
Turn   | Place    | Note
-------+----------+-------------------------------------------
     0 | D:1      | SQman the Human Fighter began the quest for the Orb.
     0 | D:1      | Reached XP level 1. HP: 18/18 MP: 1/1
   133 | D:1      | Reached XP level 2. HP: 24/24 MP: 2/2
   403 | D:1      | Reached XP level 3. HP: 29/29 MP: 3/3
   915 | D:2      | Reached XP level 4. HP: 31/35 MP: 4/4
   925 | D:2      | Gained mutation: Your spells are a little harder to cast, but a little more powerful. [potion of mutation]
   925 | D:2      | Gained mutation: You have an increased reservoir of magic. (+10% MP) [potion of mutation]
   925 | D:2      | Gained mutation: You are frail. (-10% HP) [potion of mutation]
   925 | D:2      | Gained mutation: You are covered in fur. (AC +1) [potion of mutation]
  1558 | D:3      | Reached XP level 5. HP: 36/36 MP: 5/5
  1611 | D:3      | Noticed Sigmund
  1670 | D:3      | Slain by an adder

Vault maps used:
D:1:      scummos_arrival_hexagon, item_on_display_a
D:2:      first_bread, minmay_misc_feat_room
D:3:      uniq_ijyb, uniq_sigmund

Skill      XL: |  1  2  3  4 |
---------------+-------------+-----
Long Blades    | 3 |  3.1
Fighting       | |  3.5
Armour         | |  3.5
Dodging        | |  0.6
Shields        | |  3.6

Action                   |  1- 3 |  4- 6 || total
-------------------------+-------+-------++-------
Melee: Long sword        |    77 |    79 ||   156
  Use: Potion            |     3 |     2 ||     5
       Scroll            |     3 |     4 ||     7
  Eat: Chunk             |       |     3 ||     3
Armor: Scale mail        |    34 |    42 ||    76
Dodge: Dodged            |    33 |    31 ||    64
Block: Shield            |    52 |    37 ||    89
       Large shield      |       |    14 ||    14
       Rpst.: Long sword |     9 |    12 ||    21

Table legend:
 A = Spawn XP
 B = Non-spawn XP
 C = Spawn XP percentage of total XP
 D = Spawn monster count
 E = Non-spawn monster count
 F = Spawn count percentage of total count
 G = Total turns spent on level
                    A         B        C        D         E        F      G
               +---------+---------+-------+---------+---------+-------+---------
         Total |       0 |     139 |   0.0 |       0 |      49 |   0.0 |  1670
               +---------+---------+-------+---------+---------+-------+---------
           D:1 |       0 |      39 |   0.0 |       0 |      21 |   0.0 |   755
           D:2 |       0 |      66 |   0.0 |       0 |      23 |   0.0 |   592
           D:3 |       0 |      34 |   0.0 |       0 |       5 |   0.0 |   323
               +---------+---------+-------+---------+---------+-------+---------
